[Event "1st Semana Santa Torrevieja 2022"]
[Site "Torrevieja Alicante"]
[Date "2022.04.17"]
[Round "9.8"]
[White "Vrolijk, Liam"]
[Black "Batsiashvili, Nino"]
[Result "1/2-1/2"]
[ECO "D38"]
[WhiteElo "2480"]
[BlackElo "2491"]
[Annotator "TA"]
[PlyCount "34"]
[EventDate "2022.04.12"]
[EventType "swiss"]
[EventCountry "ESP"]
[SourceTitle "playchess.com"]
[Source "ChessBase"]
[SourceQuality "1"]
[TimeControl "5400+30"]

1. d4 Nf6 2. c4 e6 3. Nf3 d5 4. Nc3 Bb4 5. Bg5 h6 6. Bxf6 Qxf6 7. e3 c5 8. cxd5 exd5 9. Bb5+ Bd7 {[%emt 0:11:03] D38: Queen's Gambit Declined: Ragozin Defence (4 Nf3 Bb4).} 10. Bxd7+ (10. a4 {with more complications.} O-O 11. O-O Be6 12. dxc5 a6 13. Be2) 10... Nxd7 11. Qb3 {[%emt 0:04:49] [#]} cxd4 $146 {[%emt 0:09:37][%cal Od7c5] [#] And now ...Nc5! would win.} ({Predecessor:} 11... Bxc3+ 12. bxc3 Qc6 13. Rb1 b6 14. c4 cxd4 15. cxd5 Qc3+ 16. Qxc3 dxc3 17. Rb4 O-O {½-½ (35) Ulko,J (2441)-Natacheev,P (2361) Sochi 2016}) 12. Qxb4 (12. Nxd4 {feels hotter.} Nc5 13. Qxd5 Qa6 14. Nde2) 12... dxc3 13. bxc3 a5 14. Qd4 O-O {[%emt 0:00:13] The position is equal.} 15. Rb1 Rac8 16. Rxb7 Rxc3 {[%emt 0:03:13] [#] aiming for ...Rc1+.} 17. O-O Qxd4 {[%emt 0:00:33] An even fight not without its subleties.  Weighted Error Value: White=0.06 (flawless) /Black=0.07 (flawless)} 1/2-1/2

[Event "1st Semana Santa Torrevieja 2022"]
[Site "Torrevieja Alicante"]
[Date "2022.04.17"]
[Round "9.9"]
[White "Habans Aguerrea, Javier"]
[Black "Rakotomaharo, Fy Antenaina"]
[Result "1/2-1/2"]
[ECO "D00"]
[WhiteElo "2340"]
[BlackElo "2474"]
[Annotator "TA"]
[PlyCount "88"]
[EventDate "2022.04.12"]
[EventType "swiss"]
[EventCountry "ESP"]
[SourceTitle "playchess.com"]
[Source "ChessBase"]
[SourceQuality "1"]
[TimeControl "5400+30"]

1. d4 Nf6 2. Bg5 d5 3. e3 c5 4. c3 Qb6 5. Qb3 Nc6 6. Nd2 {[%emt 0:00:33] D00: 1 d4 d5: Unusual lines.} Bf5 7. dxc5 Qxc5 (7... Qxb3 8. axb3 Nd7 9. b4 $16) 8. Ngf3 (8. Qxb7 Rb8 9. Nb3 Rxb7 $15) 8... e5 9. Bxf6 ({Much weaker is} 9. Qxb7 Rb8 10. Qa6 (10. Qc7 $2 Bd6 $19) 10... Rxb2 $17) 9... gxf6 {[%emt 0:00:23] [#]} 10. Qb5 $146 ({Don't play} 10. Qxb7 Rb8 11. Qa6 Rxb2 $17) ({Predecessor:} 10. Be2 O-O-O 11. a4 h5 12. h4 Kb8 13. Qb5 Qe7 14. a5 a6 15. Qb3 Qc7 16. Bxa6 {0-1 (31) Koc,P (2346)-Van Foreest,J (2682) Chess.com INT 2020}) 10... O-O-O 11. Qxc5 Bxc5 12. Be2 Be6 13. O-O Rhg8 14. Rfd1 Be7 15. b4 Kb8 16. a3 Rc8 17. Rac1 a5 18. e4 dxe4 19. Nxe4 f5 20. Nd6 Rcd8 21. Nc4 (21. Nb5 $1 $15) 21... e4 $17 22. Nfd2 Bg5 23. Rb1 axb4 24. axb4 b5 25. Ne3 f4 $36 {[%emt 0:06:21][%cal Bf5f4,Bf4f3][%mdl 2080] White is under strong pressure.} 26. Nef1 {[%emt 0:00:19] [#]} (26. Nxe4 $17 fxe3 27. Bxb5) 26... f3 $1 $19 27. Bxb5 Na7 {[%emt 0:01:07] Strongly threatening ...Bxd2.} 28. Ba6 Bxd2 29. Nxd2 Rxg2+ 30. Kh1 f5 31. Bc4 $2 (31. Nxf3 Rxd1+ 32. Rxd1 exf3 33. Rd6) 31... Bxc4 32. Nxc4 Rxd1+ 33. Rxd1 Rxf2 {[%emt 0:00:15][%mdl 4096] Endgame KRN-KRN} 34. Kg1 Rg2+ 35. Kf1 Rc2 ({Don't blunder} 35... Rxh2 $2 36. Rd5 f4 37. Re5 $19) 36. Ne3 Rxh2 {[%emt 0:00:04] [#] And now ...f4 would win.} 37. Rd8+ Kc7 {[%emt 0:00:29] Hoping for ...f4.} 38. Rf8 Re2 $2 ({Black should play} 38... Nb5 $19 39. Rxf5 Nd6) 39. Nxf5 $11 {[%emt 0:01:19] The position is equal.} Nb5 40. Ng3 Re3 41. Kf2 Rxc3 42. Nxe4 Rc4 43. Kxf3 Rxb4 44. Rf7+ Kc6 {[%emt 0:00:06] And White is the lucky defender.  Weighted Error Value: White=0.27 (precise) /Black=0.20 (precise)} 1/2-1/2

[Event "1st Semana Santa Torrevieja 2022"]
[Site "Torrevieja Alicante"]
[Date "2022.04.17"]
[Round "9.10"]
[White "Camacho Collados, Marcos"]
[Black "Vereggen, Lars"]
[Result "1-0"]
[ECO "A06"]
[WhiteElo "2462"]
[BlackElo "2326"]
[Annotator "TA"]
[PlyCount "97"]
[EventDate "2022.04.12"]
[EventType "swiss"]
[EventCountry "ESP"]
[SourceTitle "playchess.com"]
[Source "ChessBase"]
[SourceQuality "1"]
[TimeControl "5400+30"]

1. Nf3 d5 2. b3 c5 3. e3 a6 4. Bb2 Nc6 5. d4 Nf6 6. a3 {[%emt 0:00:39] A06: Réti Opening: 1 Nf3 d5.} (6. dxc5 $5 e6 7. Be2 $11) 6... cxd4 7. exd4 (7. Nxd4 {seems wilder.} Bg4 8. Nxc6 bxc6 9. Qd4) 7... Bg4 8. Nbd2 {[%emt 0:03:21] [#] The position is equal.} Bxf3 $146 ({Predecessor:} 8... e6 9. Be2 Rc8 10. Rc1 Be7 11. O-O O-O 12. h3 Bh5 13. Ne5 Bxe2 14. Qxe2 b5 {0-1 (42) Mukic,J (2379)-Bistric,F (2486) Kastav 2002}) 9. Qxf3 g6 10. Bd3 Bg7 11. O-O O-O 12. Rfe1 Qb6 13. Qf4 e6 (13... Nh5 $1 $15 14. Qe3 e5) 14. Nf3 $11 Rac8 15. Re2 Nh5 16. Qh4 Qd8 (16... f5 {with more complications.} 17. Rxe6 Bf6 18. Rxf6 Nxf6 19. Qh6 Nd8) 17. Qxd8 Rfxd8 18. g3 {[%emt 0:00:22] Prevents Nf4.} Nf6 19. Kg2 Nd7 20. Rb1 Na7 21. Ne5 Nb5 (21... Bxe5 $5 22. dxe5 Nc5 $11) 22. Ra1 Nb8 23. a4 Nd6 24. g4 Nc6 25. Nxc6 Rxc6 26. h4 Nc8 (26... Ne4 $142) 27. h5 Ne7 28. f4 Rc7 29. Rh1 Nc6 30. c3 Na5 31. hxg6 hxg6 32. f5 exf5 33. gxf5 g5 34. b4 Nc6 35. Kf3 {[%emt 0:02:14] &Bianco is more active.} Re7 (35... Bf6 $142) 36. Rxe7 $16 Nxe7 37. Kg4 $1 f6 {[%emt 0:01:26] [#]} (37... Bf6 $16 {was necessary.}) 38. Bc2 ({White should try} 38. c4 $1 $18) 38... Kf7 39. Bb3 ({Better is} 39. a5 $14) 39... Ng8 $11 40. Kf3 Nh6 41. Bc2 Bf8 42. Bd3 Kg7 43. Re1 Bd6 44. Kg2 Nf7 45. Bc1 Rh8 (45... Rc8 $5 46. Bd2 Bf4 47. Bxf4 gxf4 $11) 46. Rh1 Re8 (46... Rc8 $5 47. Bb2 Bf4 $11) 47. Kf3 Re7 48. a5 Nh6 $2 {[%emt 0:00:36] [#]} (48... Rc7 $11 49. Bb2 Bf4) 49. Bxg5 $1 {[%emt 0:01:05][%mdl 512] Weighted Error Value: White=0.14 (very precise) /Black=0.22 (precise)} 1-0

[Event "1st Semana Santa Torrevieja 2022"]
[Site "Torrevieja Alicante"]
[Date "2022.04.17"]
[Round "9.11"]
[White "Aagaard, Jacob"]
[Black "Macias Pino, Diego"]
[Result "1/2-1/2"]
[ECO "C88"]
[WhiteElo "2465"]
[BlackElo "2317"]
[Annotator "TA"]
[PlyCount "118"]
[EventDate "2022.04.12"]
[EventType "swiss"]
[EventCountry "ESP"]
[SourceTitle "playchess.com"]
[Source "ChessBase"]
[SourceQuality "1"]
[TimeControl "5400+30"]

1. e4 e5 2. Nf3 Nc6 3. Bb5 a6 4. Ba4 Nf6 5. O-O Be7 6. Re1 b5 7. Bb3 O-O 8. d3 d6 9. Bd2 Bb7 10. a4 b4 11. a5 {[%emt 0:05:23] C88: Closed Ruy Lopez: Anti-Marshall Systems.} d5 {[%emt 0:08:25] has lost popularity (11...Rb8).} 12. c3 dxe4 13. dxe4 {[%emt 0:00:02] [#]} Bc5 $146 ({Predecessor:} 13... bxc3 14. Nxc3 Rb8 15. Nd5 Nxd5 16. exd5 Nd4 17. Nxd4 exd4 18. Bf4 Ba8 19. Bc4 Bf6 {½-½ (19) Popov,A (2485)-Zimmermann,B (2495) ICCF corr 1994}) 14. Bg5 Qxd1 15. Bxd1 bxc3 16. bxc3 h6 17. Bc1 Ne7 18. Bc2 Ng6 19. g3 Rfd8 20. Nbd2 Bc6 21. Ba4 Bxa4 22. Rxa4 Rab8 23. Kf1 Ne8 24. Ke2 Nd6 25. Rf1 Rb5 26. Ne1 Nb7 27. Nc4 Be7 {[%emt 0:00:04] [#] And now ...Nc5 would win.} 28. Be3 Rb3 29. Nd3 Rxc3 30. Ndxe5 Nxe5 31. Nxe5 Nc5 32. Rd4 Rc2+ 33. Kf3 Rxd4 34. Bxd4 Nb3 (34... Bd6 $5 35. Rd1 Nb3 $15) 35. Be3 Nxa5 36. Ra1 Nc6 37. Nd3 {[%emt 0:00:07] [#]} (37. Nxc6 $11 Rxc6 38. Ra4) 37... a5 $1 $17 38. Nf4 (38. e5 $17 {keeps fighting.}) 38... Bd6 39. Nd5 (39. h3 $17 {was worth a try.}) 39... Ne5+ $19 40. Kg2 Nc4 41. Bf4 c6 (41... Bc5 $19 {...c6 is the strong threat.} 42. Bxc7 f5 43. exf5 Rxf2+ 44. Kh3 Rxf5) 42. Ne3 $17 Nxe3+ 43. Bxe3 {[%emt 0:00:02][%mdl 4096] Endgame KRB-KRB} Bc5 {[%emt 0:00:35] Hoping for ...Bxe3.} 44. Kf3 Bxe3 45. Kxe3 {[%emt 0:00:01] KR-KR} Rc5 46. Rd1 a4 47. Rd8+ Kh7 48. Ra8 {[%emt 0:00:09] Prevents Ra5.} Rc4 (48... Rc3+ $15 49. Kd2 Rc4) 49. h4 {[%emt 0:04:59] The position is equal.} f6 50. h5 Rb4 51. f4 g5 52. f5 Kg7 53. g4 c5 54. Kd3 Rd4+ 55. Ke3 Rb4 {[%emt 0:01:06] White must now prevent ...Rb3+.} 56. Kd3 Kf7 57. Ra5 Rd4+ 58. Ke3 Rc4 59. Kd3 Rd4+ {[%emt 0:00:19] Black had all chances to win.  Weighted Error Value: White=0.12 (very precise) /Black=0.09 (flawless)} 1/2-1/2

[Event "1st Semana Santa Torrevieja 2022"]
[Site "Torrevieja Alicante"]
[Date "2022.04.17"]
[Round "9.12"]
[White "Carbonell Sancho, Marc"]
[Black "Movsziszian, Karen"]
[Result "0-1"]
[ECO "E01"]
[WhiteElo "2215"]
[BlackElo "2441"]
[Annotator "TA"]
[PlyCount "84"]
[EventDate "2022.04.12"]
[EventType "swiss"]
[EventCountry "ESP"]
[SourceTitle "playchess.com"]
[Source "ChessBase"]
[SourceQuality "1"]
[TimeControl "5400+30"]

1. d4 Nf6 2. c4 e6 3. g3 d5 4. cxd5 exd5 5. Bg5 Be7 6. Nc3 {[%emt 0:03:07] E01: Catalan: Early deviations.} c6 {[%emt 0:02:22] [#]} 7. Qc2 $146 ({Predecessor:} 7. Bg2 Bf5 8. Nf3 Nbd7 9. O-O h6 10. Bxf6 Nxf6 11. e3 O-O 12. h3 Qc8 13. Kh2 Ne4 {½-½ (60) Meyssirel,T (1333)-Kvashyna,T (1764) Europe Echecs INT 2020}) 7... Na6 8. a3 {[%emt 0:01:35] The position is equal.} Nc7 9. e3 O-O 10. Bg2 Ne6 11. Bxf6 Bxf6 12. Nge2 Re8 13. O-O g6 14. b4 a6 15. a4 Nc7 16. b5 Bf5 17. Qd2 axb5 18. axb5 Qd6 19. bxc6 bxc6 20. Na4 Ne6 21. Rfc1 Reb8 22. Qc3 Rb4 $36 {[%emt 0:05:34][%mdl 2048] Black has good play.} 23. Nc5 Rxa1 24. Qxa1 ({But not} 24. Rxa1 Qxc5 $3 25. dxc5 Bxc3 26. Nxc3 Nxc5 $17) 24... Nxc5 {[%emt 0:01:19] Black converts the advantage convincingly.} 25. dxc5 Qd8 {[%emt 0:05:08] &Nero is much more active.} ({Don't play} 25... Bxa1 26. cxd6 Bf6 27. Rxc6 $11) 26. Nd4 (26. Qa3 $15 Qb8 27. Qa6) 26... Bxd4 $19 27. exd4 {[%emt 0:00:01] [#]} Qf6 $1 28. Rd1 {[%emt 0:08:00] [#]} Bc2 $1 29. Re1 Kg7 ({Inferior is} 29... Rxd4 30. Re8+ Kg7 31. Bf1 $17) (29... Qxd4 30. Qa8+ Kg7 31. Qxc6 $15) 30. Qc1 (30. Rc1 {was worth a try.} Ba4 31. Bf1) 30... Rb1 31. Qd2 Rxe1+ 32. Qxe1 Qxd4 33. h4 $2 (33. Qe3 {might work better.} Qa1+ 34. Bf1) 33... Be4 {[%emt 0:02:55] aiming for ...Bxg2. Black is clearly winning.} 34. Qc1 Bxg2 35. Kxg2 {[%emt 0:00:02][%mdl 4096] Endgame KQ-KQ} Qc4 36. Qa3 d4 {[%emt 0:01:04][%cal Bd5d4,Bd4d3][%mdl 32] ...h5 is the strong threat.} 37. Qa5 (37. Kf3 $142 h5 38. Qb2) 37... h5 38. Kg1 d3 {[%emt 0:00:13] ( -> ...Qc1+)} 39. Qd8 Qc1+ 40. Kh2 Qxc5 41. Qxd3 Qxf2+ 42. Kh1 c5 {[%emt 0:00:13] Weighted Error Value: White=0.55/Black=0.12 (very precise)} (42... Kh7 $142 43. Qc3 c5) 0-1

[Event "1st Semana Santa Torrevieja 2022"]
[Site "Torrevieja Alicante"]
[Date "2022.04.17"]
[Round "9.13"]
[White "Cruz Lledo, Pablo"]
[Black "Davtyan, David Arm."]
[Result "0-1"]
[ECO "A39"]
[WhiteElo "2430"]
[BlackElo "2305"]
[Annotator "TA"]
[PlyCount "74"]
[EventDate "2022.04.12"]
[EventType "swiss"]
[EventCountry "ESP"]
[SourceTitle "playchess.com"]
[Source "ChessBase"]
[SourceQuality "1"]
[TimeControl "5400+30"]

1. d4 Nf6 2. Nf3 c5 3. g3 g6 4. Bg2 Bg7 5. O-O cxd4 6. Nxd4 O-O 7. c4 Nc6 8. Nc3 Qa5 9. e3 {[%emt 0:01:35] outshines the older 9.Nb3.} Ne5 {[%emt 0:01:52][%cal Bc6e5,Be5d7,Bd7c5][%mdl 32] A39: Symmetrical English vs ...g6: 4 Bg2 Bg7 5 Nf3 Nf6 6 0-0 0-0 7 d4.} 10. Nd5 Nxd5 11. cxd5 d6 {[%emt 0:00:18] The position is equal.} 12. h3 {[%emt 0:05:58] [#]} Qb6 $146 ({Predecessor:} 12... Bd7 13. Bd2 Qa6 14. Bc3 Rfc8 15. Re1 Ba4 16. Qd2 Nd3 17. Reb1 Nc5 18. Rc1 Bb5 19. Nxb5 Qxb5 20. Bxg7 Kxg7 {1-0 (38) Pilz,D (2243)-Bowmer,K (2067) Vienna 2015}) 13. a4 a5 14. Qe2 Nd7 15. Nb5 (15. Rb1 $11) 15... Nc5 $1 $17 16. e4 {[%emt 0:00:09] [#]} Bd7 ({Black should play} 16... Nxa4 $1 $17 {[%cal Oc8d7][%mdl 512] Hoping for ...Bd7!} 17. Be3 (17. Rxa4 $2 Bd7 $17) 17... Nc5) 17. Be3 $11 Rfc8 18. Rac1 Bxb5 19. axb5 a4 20. Rfd1 Rc7 21. Kh2 Rac8 22. h4 Qa7 (22... Qa5 $11) 23. Bh3 {[%emt 0:02:10] Bxc5 is the strong threat.} Ra8 24. f4 (24. Rc2 $14) 24... b6 $1 25. e5 f5 $2 (25... Qb8 $11) 26. exf6 $18 Bxf6 {[%emt 0:01:26] [#]} 27. h5 (27. f5 $1 $18 ) 27... a3 $14 28. bxa3 Qxa3 29. hxg6 hxg6 30. f5 (30. Bg2 $11) 30... Qb2 (30... g5 $15) 31. Rc2 Qe5 (31... Qb3 $5 32. Rdd2 (32. fxg6 Ne4 $17) 32... g5 $11) 32. fxg6 Ra3 (32... Rca7 $11) 33. Re1 $2 {[%emt 0:02:39][%mdl 8192] [#]} (33. Bf4 $14 {stays ahead.} Qxe2+ 34. Rxe2) 33... Nd3 $1 $19 34. Bh6 ({Much worse is} 34. Rxc7 Nxe1 35. Be6+ (35. Qxe1 $2 Rxe3 36. Be6+ Kg7 $19) (35. Rc8+ $2 Kg7 $19) 35... Kg7 36. Bh6+ (36. Qxe1 $2 Rxe3 37. Qf2 Re2 $19) 36... Kxh6) (34. Be6+ $142 Kg7 35. Rxc7 Nxe1 36. Bh6+ (36. Qxe1 $2 Rxe3 37. Qf2 Re2 $19) 36... Kxh6 37. Qxe5 Bxe5 38. Kg1) 34... Rxc2 {[%emt 0:01:27][%mdl 64] Pin} ({And not} 34... Nxe1 35. Be6+ Kh8 36. g7+ Bxg7 37. Bxg7+ Kxg7 38. Qxe5+ dxe5 39. Rxc7 $11) 35. Be6+ {[%emt 0:03:59] [#]} Qxe6 $3 {[%emt 0:02:19][%mdl 512] Black mates.} 36. dxe6 Nxe1 {[%emt 0:00:09] Active counter play!} 37. Bd2 {[%emt 0:00:28] [#]} Rxd2 $1 {[%emt 0:00:05] Black used his chance.  Weighted Error Value: White=0.75/Black=0.26 (precise)} 0-1

[Event "1st Semana Santa Torrevieja 2022"]
[Site "Torrevieja Alicante"]
[Date "2022.04.17"]
[Round "9.14"]
[White "Rudzinska, Michalina"]
[Black "Sabuk, Piotr"]
[Result "0-1"]
[ECO "A05"]
[WhiteElo "2211"]
[BlackElo "2411"]
[Annotator "TA"]
[PlyCount "88"]
[EventDate "2022.04.12"]
[EventType "swiss"]
[EventCountry "ESP"]
[SourceTitle "playchess.com"]
[Source "ChessBase"]
[SourceQuality "1"]
[TimeControl "5400+30"]

1. Nf3 d5 2. b3 Nf6 3. Bb2 g6 4. g3 Bg7 5. Bg2 c5 6. d3 O-O 7. O-O Qc7 {[%emt 0:04:31] [#] A05: Réti Opening: 1 Nf3 Nf6.} 8. c4 $146 ({Predecessor:} 8. Nbd2 Rd8 9. c4 d4 10. b4 e5 11. bxc5 Qxc5 12. Ng5 h6 13. Nge4 Nxe4 14. Nxe4 Qc7 15. c5 {0-1 (24) Ambrus,E (2407)-Popov,V (2593) St Petersburg 2002}) 8... d4 9. b4 e5 {[%emt 0:07:28] The position is equal.} 10. bxc5 Nbd7 11. Nbd2 (11. e3 $1 $14) 11... Nxc5 12. Ba3 Re8 13. Bxc5 Qxc5 14. Rb1 h6 {[%emt 0:07:24] Inhibits Ng5.} 15. Rb2 Qc7 16. Qb1 Rb8 17. Ne1 Bg4 18. Nb3 b6 19. h3 Bf5 20. Nc2 Rbd8 21. Rc1 h5 {[%emt 0:02:12][%cal Bh6h5,Bh5h4][%mdl 32] And now ...h4! would win.} 22. Nb4 Bh6 23. Rcc2 e4 24. c5 (24. Qf1 $17) 24... b5 {[%emt 0:24:36] aiming for ...a5.} 25. c6 h4 $1 26. g4 {[%emt 0:14:51] [#]} Bxg4 $1 {[%emt 0:00:00][%cal Oe4e3][%mdl 512] Hoping for ...e3!} 27. dxe4 {[%emt 0:00:08] [#]} (27. Qf1 e3) 27... Nxe4 28. Nd3 {[%emt 0:10:42] [#]} (28. hxg4 $2 Nxf2 $1 29. e4 (29. Kxf2 $2 Be3+ 30. Ke1 h3 $19) 29... Nxg4 $19) 28... Nc3 $2 29. Qf1 $17 Bf5 {[%emt 0:00:00] ...Bf8 is the strong threat. &Nero is much more active. The white rooks are badly placed.} 30. Nxd4 {[%emt 0:02:15][%mdl 64] Remove Defender} Rxd4 31. Rxc3 Rc4 ({Black should play} 31... a6 $17 32. Rbc2 Red8) 32. Rxc4 $2 (32. Rbc2 $1 $15) 32... bxc4 $19 33. Rb7 Qd6 34. Nb4 {[%emt 0:01:10] [#]} c3 $1 35. e4 $2 (35. e3 $17 {was called for.}) 35... Rxe4 $2 ({Better is} 35... Be6 $19 36. Qb1 a5) 36. Bxe4 $11 Bxe4 37. Rd7 $1 $40 {[%emt 0:00:43][%mdl 128] White has some attack.} Qc5 {[%emt 0:04:41] ( -> ...Qg5+)} 38. Qd1 $2 Bxc6 $19 {[%emt 0:00:40] The board is on fire.} ({Inferior is} 38... Qxb4 39. c7 Bb7 40. Rd8+ Kh7 41. c8=Q Bxc8 42. Rxc8 $11) 39. Rd8+ Kh7 40. Qd4 ({Don't go for} 40. Nxc6 $2 c2 41. Qg4 c1=Q+ $19) (40. Rd4 a5 41. Nc2 (41. Nxc6 $2 c2 $19)) 40... Qg5+ 41. Kf1 {[%emt 0:00:20] [#]} Bg7 $1 {[%emt 0:00:31] Black mates.} 42. Qg4 Bb5+ {[%emt 0:00:40] This bishop pair is nice.} 43. Rd3 Qxg4 44. hxg4 c2 {[%emt 0:00:24] Weighted Error Value: White=0.67/Black=0.37} 0-1

[Event "1st Semana Santa Torrevieja 2022"]
[Site "Torrevieja Alicante"]
[Date "2022.04.17"]
[Round "9.15"]
[White "Fernandez Garcia, Gumersindo"]
[Black "Suarez Uriel, Adrian"]
[Result "0-1"]
[ECO "A50"]
[WhiteElo "2125"]
[BlackElo "2348"]
[Annotator "TA"]
[PlyCount "169"]
[EventDate "2022.04.12"]
[EventType "swiss"]
[EventCountry "ESP"]
[SourceTitle "playchess.com"]
[Source "ChessBase"]
[SourceQuality "1"]
[TimeControl "5400+30"]

1. d4 Nf6 2. c4 b6 3. Nf3 Bb7 4. g3 g6 5. Bg2 Bg7 6. O-O O-O 7. Nc3 {[%emt 0:08:24] 7.Re1 is the modern continuation.} Ne4 8. Nxe4 Bxe4 9. Bf4 {[%emt 0:08:16] A50: Queen's Fianchetto Defence (1 d4 Nf6 2 c4 b6).} c5 10. Qd2 cxd4 {[%emt 0:04:50] [#]} 11. Bxb8 $146 (11. Nxd4 $11 Bxg2 12. Kxg2) ({Predecessor:} 11. Bh6 Bxh6 12. Qxh6 Bxf3 13. Bxf3 Nc6 14. Rad1 e5 15. Bd5 Qe7 16. h4 Rae8 17. a3 {0-1 (24) Einarsson,H (2272)-Stefansson,H (2498) Reykjavik 2019}) 11... Qxb8 (11... Rxb8 $17 12. Nxd4 Bxg2 13. Kxg2 Rc8) 12. Nxd4 $15 Bxg2 13. Kxg2 Qb7+ 14. Nf3 Rfd8 15. Rac1 d5 (15... e5 {with more complications.} 16. Qd6 Bf8 17. Qf6 d6) 16. cxd5 Rxd5 17. Qc2 Rad8 18. Kg1 ({White should try} 18. b3 $11) 18... Bf6 (18... Rc5 $5 19. Qb3 Qa6 $15) 19. b4 a5 20. bxa5 Rxa5 21. Qb3 Rda8 22. Rc2 h5 (22... Ra3 $17 23. Qb1 Kg7) 23. h4 (23. Rb1 $11) 23... Ra3 $17 24. Qb1 b5 25. Rfc1 Qb8 (25... Kg7 $17) 26. Rc8+ (26. e3 $11) 26... Qxc8 27. Rxc8+ Rxc8 28. Qxb5 Rxa2 29. Kg2 Rcc2 30. Ng1 Kg7 31. Qd3 Rd2 32. Qb5 Bd4 ({Better is} 32... Rdb2 $17 33. Qc4 Be5) 33. Qc4 (33. Qb4 $1 $11) 33... e5 (33... Rac2 $17 34. Qd5 Bf6) 34. Kf1 Rac2 35. Qb5 Rb2 36. Qc4 Rdc2 37. Qd3 Rc3 {[%emt 0:00:24] &Nero is much more active.} (37... Ba7 $1 $17 38. Qe4 Bb8) 38. Qe4 $1 $11 Rcc2 39. Qd5 (39. Qd3 $11 {keeps the balance.}) 39... Rb1+ 40. Kg2 {[%emt 0:00:33][%cal Oe2e3] [#]} Rxg1+ $1 41. Kxg1 Rxe2 $17 {[%emt 0:00:03][%mdl 4096] Endgame KQ-KRB} 42. Kh1 Rxf2 43. Qe4 Rd2 (43... Ra2 $17 44. Qd3 Kf8) 44. Qf3 (44. g4 $1 $15) 44... Rb2 45. Qd5 Rb6 46. Kg2 Rf6 47. Qe4 Kh6 48. Qa8 Kg7 {[%emt 0:00:21] Prevents Qh8+.} 49. Qe4 $1 Re6 (49... Rf5 $17 50. Kh3 Rf2) 50. Qd5 (50. g4 $1 $15 {might be stronger.}) 50... Bb6 (50... Rb6 $17 51. Kh2 Rb2+ 52. Kh3 Re2) 51. Qe4 $15 Bd8 52. Qd5 Be7 53. Qe4 Bd6 54. Kf2 Bc7 55. Kg2 (55. Kf3 $15) 55... f5 (55... Bb6 $17 56. Qc4 Rf6) 56. Qd5 $11 Re7 57. Qc5 Rf7 58. Qc3 Kh7 59. Qc4 Rg7 60. Qe6 e4 61. Qe8 Ba5 62. Qa8 Bc3 63. Qc8 Bb2 64. Qb8 Bf6 65. Qf8 Bd4 66. Qd8 Be3 67. Kh3 Bh6 68. Kg2 Ra7 69. Qe8 Bg7 70. Kf2 Ra2+ 71. Kf1 Ra3 72. Kf2 Ra5 73. Qd7 Ra2+ 74. Kf1 e3 75. Qe7 e2+ 76. Ke1 $2 (76. Kf2 $1 $11 {and White has nothing to worry.}) 76... Ra4 $19 77. Qd7 $2 (77. Qc7 $19 Re4 78. Qa7) 77... Re4 78. Qc7 Re3 $2 (78... Kh6 79. Qc5 Re8 80. Qc1+ Kh7 81. Qc7 Kh8 82. Qc6 Re7 83. Qc5 Bf6 84. Qc1 f4 85. Qd2 Kg7 86. Kf2 e1=Q+ 87. Qxe1 fxg3+ 88. Kf1 Rxe1+ 89. Kxe1 Be7 90. Ke2 Bxh4 91. Kf1 Kh6 92. Kg2 Kg5 93. Kf3 Kf5 94. Kg2 Kg4 95. Kf1 Kf3 96. Ke1 g2+ 97. Kd1 g1=Q+ 98. Kc2 Bf6 99. Kb3 Qc5 100. Ka4 Qc4+ 101. Ka3 Qb5 102. Ka2 Qb2#) 79. Qa7 Re6 $2 (79... Rxg3 $19 {White must now prevent ...Rg4.} 80. Kxe2 Rg4) 80. Qd7 (80. Qf7 $11 Re3 81. Qa7 Rxg3 82. Kf2) 80... Re4 $2 (80... Re5 $15 81. Qa7 Re4) 81. Qc7 $1 Kg8 $2 (81... Kh6 {mates} 82. Qc1+ Kh7 83. Qc7) 82. Qc8+ $2 {[%emt 0:00:14][%mdl 8192] [#]} (82. Qc6 $11) 82... Bf8 $1 {[%emt 0:00:15] Black mates.} 83. Qb8 Kg7 84. Qc7+ Kh6 85. Qc1+ {[%emt 0:00:02] Weighted Error Value: White=0.19 (very precise) /Black=0.26 (precise)} 0-1

[Event "1st Semana Santa Torrevieja 2022"]
[Site "Torrevieja Alicante"]
[Date "2022.04.17"]
[Round "9.16"]
[White "Cruz, Jonathan"]
[Black "Hompanera Lopez, Enrique"]
[Result "1-0"]
[ECO "A06"]
[WhiteElo "2363"]
[BlackElo "2074"]
[Annotator "TA"]
[PlyCount "63"]
[EventDate "2022.04.12"]
[EventType "swiss"]
[EventCountry "ESP"]
[SourceTitle "playchess.com"]
[Source "ChessBase"]
[SourceQuality "1"]
[TimeControl "5400+30"]

1. Nf3 Nf6 2. g3 d5 3. Bg2 e6 4. O-O Be7 5. b3 c5 6. Bb2 Nc6 7. d3 O-O 8. Nbd2 Qc7 9. e4 $1 {[%emt 0:03:58] 9.e4 scores better than 9.c4.} dxe4 10. dxe4 Rd8 {[%emt 0:03:04][%cal Of6e4] [#] A06: Réti Opening: 1 Nf3 d5.} 11. e5 $146 ({Predecessor:} 11. Re1 b6 12. e5 Nd7 13. Qe2 Bb7 14. Nc4 Nf8 15. a4 Rd7 16. h4 h6 17. h5 Rad8 18. Rad1 Rxd1 19. Rxd1 {1-0 (63) Nenezic,M (2495)-Sai Agni,J (2364) Aracaju 2018}) 11... Ne4 12. Qe2 Nxd2 {[%emt 0:00:56] The position is equal.} 13. Nxd2 Nd4 14. Bxd4 cxd4 15. Nf3 Rd5 16. Rad1 Qd8 17. Rd3 Bc5 ({Better is} 17... h6 $14) 18. Rfd1 $16 f6 (18... Rd7 $16 19. Qe4 a6 20. Nxd4 Qa5) 19. exf6 $18 Qxf6 20. Qe4 (20. Nd2 $18 {has better winning chances.}) 20... Bd7 $16 21. c4 {[%emt 0:15:13] Inhibits Bb5.} (21. Nxd4 $16 {Black must now prevent c4.} Rf8 22. f4) 21... Rd6 $2 {[%emt 0:03:46][%mdl 8192] [#] A mistake that costs the game.} (21... dxc3 $1 $11 22. Rxd5 Bc6) 22. b4 $18 Bc6 23. Qe1 Bxb4 24. Qxb4 e5 25. Nd2 Rf8 (25... Rd7 {was necessary.} 26. Bxc6 Qxc6) 26. Bxc6 Qxf2+ 27. Kh1 Qe2 28. Bf3 Qxd3 29. Qxd6 {[%emt 0:00:09] Bd5+ would kill now.} Rxf3 30. Qd5+ Rf7 {[%emt 0:00:15] [#]} 31. Rf1 $1 Qg6 (31... Qxf1+ 32. Nxf1) 32. Qd8+ {[%emt 0:00:08] Weighted Error Value: White=0.15 (very precise) /Black=0.80} 1-0